 Dungeon Crawl Stone Soup version 0.24-a0-271-ga0fc33f (webtiles) character file.

Game seed: 12925958675439483340

100 MatthieuS the Magician (level 4, -3/24 HPs)
             Began as a Deep Elf Air Elementalist on Apr 23, 2019.
             Killed from afar by an orc wizard (9 damage)
             ... with a magic dart
             ... on level 3 of the Dungeon.
             The game lasted 00:03:40 (2290 turns).

MatthieuS the Magician (Deep Elf Air Elementalist)  Turns: 2290, Time: 00:03:41

Health: -3/24      AC:  3    Str:  5    XL:     4   Next: 47%
Magic:  0/12       EV: 13    Int: 21    God:
Gold:   135        SH:  0    Dex: 15    Spells: 5/11 levels left

rFire    . . .     SeeInvis .   i - +0 dagger (freeze)
rCold    . . .     Gourm    .   (no shield)
rNeg     . . .     Faith    .   a - +0 robe
rPois    .         Spirit   .   (no helmet)
rElec    .         Reflect  .   (no cloak)
rCorr    .         Harm     .   (no gloves)
MR       .....                  c - +0 pair of boots
Stlth    ++........             (no amulet)
HPRegen  0.08/turn              (no ring)
MPRegen  0.13/turn              (no ring)

@: very slightly contaminated
A: no striking features
a: no special abilities


You were on level 3 of the Dungeon.
You were not hungry.

You visited 1 branch of the dungeon, and saw 3 of its levels.

You collected 135 gold pieces.

Inventory:

Hand Weapons
 i - a +0 dagger of freezing (weapon)
   (You found it on level 2 of the Dungeon)
Armour
 a - a +0 robe (worn)
 c - a +0 pair of boots (worn)
   (You found it on level 1 of the Dungeon)
Scrolls
 b - 3 scrolls of remove curse {unknown}
 f - a scroll of fog {unknown}
 n - a scroll of identify {unknown}
Potions
 d - 2 potions of heal wounds {unknown}
 g - a potion of lignification {unknown}
 h - a potion of mutation {unknown}
 j - a potion of agility {unknown}
 l - 2 potions of ambrosia {unknown}
 m - 2 potions of invisibility {unknown}
 o - a potion of might {unknown}
 p - a potion of haste {unknown}
Comestibles
 e - 9 rations
 k - a chunk of flesh


   Skills:
 - Level 2.4 Dodging
 + Level 3.6 Stealth
 + Level 4.1 Spellcasting
 + Level 2.5 Conjurations
 + Level 3.6 Air Magic


You had 5 spell levels left.
You knew the following spells:

 Your Spells              Type           Power        Failure   Level  Hunger
a - Shock                 Conj/Air       ###.         3%          1    None
b - Static Discharge      Conj/Air       ###.....     10%         3    ###....
s - Swiftness             Chrm/Air       ##......     9%          2    #......

Your spell library contained the following spells:

 Spells                   Type           Power        Failure   Level  Hunger
 Airstrike                Air            ###.......   26%         4    ####...
 Lightning Bolt           Conj/Air       ###.......   65%         5    ######.


Dungeon Overview and Level Annotations

Branches:
Dungeon (3/15)

Altars:
Dithmenos
Fedhas
Yredelemnul


Message History

The zap hits the orc.
You kill the orc!
The zap misses the orc wizard.
Aim: an orc wizard, wielding a +0 dagger and wearing a +0 robe The zap hits the adder.
The zap hits the orc wizard!
The adder bites you but does no damage.
Aim: an orc wizard, wielding a +0 dagger and wearing a +0 robe (heavily wounded)
The zap misses the adder.
The zap hits the orc wizard.
The adder barely misses you.
Aim: an orc wizard, wielding a +0 dagger and wearing a +0 robe (heavily wounded)
The zap hits the orc wizard.
The orc wizard hits you with a +0 dagger.
The adder barely misses you.
Aim: an orc wizard, wielding a +0 dagger and wearing a +0 robe (severely wounded)
The zap misses the orc wizard.
The adder barely misses you.
The orc wizard hits you with a +0 dagger.
The goblin hits you with a +0 club. The adder closely misses you.
You miscast Static Discharge.
You are very lightly contaminated with residual magic.
You smell something strange.
The orc wizard hits you with a +0 dagger.
The goblin hits you with a +0 club.
* * * LOW HITPOINT WARNING * * *
The adder barely misses you.
The giant cockroach bites you but does no damage.
The adder is struck by an arc of lightning!
You kill the adder!
The goblin is struck by an arc of lightning.
You kill the goblin!
The lightning grounds out.
The orc wizard misses you. The giant cockroach misses you.
You closely miss the orc wizard.
The orc wizard hits you with a +0 dagger.
* * * LOW HITPOINT WARNING * * *
The giant cockroach barely misses you.
You closely miss the orc wizard. The giant cockroach bites you.
* * * LOW HITPOINT WARNING * * *
The orc wizard hits you but does no damage.
You closely miss the orc wizard. The giant cockroach closely misses you.
The orc wizard misses you. The giant cockroach barely misses you.
Unknown command.
You barely miss the orc wizard. The orc wizard casts a spell at you.
The magic dart hits you.
* * * LOW HITPOINT WARNING * * *
The giant cockroach closely misses you.
You barely miss the orc wizard.
The orc wizard gestures at you while chanting.
The magic dart hits you!
You die...

...........##
%...........#
............#
........%...###
...............
.......)....#
......s.o..#
......)@.)#
####.######


You could see an orc wizard and a giant cockroach.

Vanquished Creatures
  2 adders
  A gnoll (D:2)
  4 dart slugs
  2 leopard geckos (D:1)
  2 orcs (D:3)
  8 goblins
  9 hobgoblins
  8 jackals
  A ball python (D:1)
  7 bats
  3 frilled lizards (D:1)
  5 kobolds (D:1)
  11 rats
63 creatures vanquished.

Notes
Turn   | Place    | Note
-------+----------+-------------------------------------------
     0 | D:1      | MatthieuS the Deep Elf Air Elementalist began the quest for
                  | the Orb.
     0 | D:1      | Reached XP level 1. HP: 10/10 MP: 6/6
    33 | D:1      | Noticed an electric eel
    33 | D:1      | Noticed an electric eel
   200 | D:1      | Reached XP level 2. HP: 15/15 MP: 4/8
   537 | D:1      | Reached XP level 3. HP: 19/19 MP: 1/10
  1373 | D:2      | Learned a level 2 spell: Swiftness
  1377 | D:2      | Learned a level 3 spell: Static Discharge
  1398 | D:2      | Reached XP level 4. HP: 24/24 MP: 0/11
  1884 | D:2      | Found a shadowy altar of Dithmenos.
  1888 | D:2      | Found a blossoming altar of Fedhas.
  1978 | D:2      | Reached skill level 4 in Spellcasting
  2020 | D:2      | Found a basalt altar of Yredelemnul.
  2290 | D:3      | Killed from afar by an orc wizard

Levels and vault maps discovered:
D:1:      arrival_aquarium_b, layout_basic
D:2:      cheibrodos_greedy_goblins, layout_basic, marbit_many_paths,
          grunt_temple_overflow_open
D:3:      layout_rooms, first_ration

Skill      XL: |  1  2  3  4 |
---------------+-------------+-----
Stealth        | 3 |  3.6
Conjurations   | 2 |  2.5
Spellcasting   | 4 |  4.1
Dodging        | |  2.4
Air Magic      | |  3.6

Action                   |  1- 3 |  4- 6 || total
-------------------------+-------+-------++-------
Melee: Dagger            |       |     5 ||     5
 Cast: Shock             |    91 |    22 ||   113
       Static Discharge  |       |     1 ||     1
  Eat: Chunk             |     1 |     3 ||     4
Armor: Robe              |     7 |     2 ||     9
Dodge: Dodged            |    21 |    13 ||    34

Table legend:
 A = Non-vault XP
 B = Vault XP
 C = Vault XP percentage of total XP
 D = Non-vault monster count
 E = Vault monster count
 F = Vault count percentage of total count
                 A         B        C        D         E       F
            +---------+---------+-------+---------+---------+-------
      Total |     113 |      31 |  21.5 |      52 |      11 |  17.5
            +---------+---------+-------+---------+---------+-------
        D:1 |      64 |       0 |   0.0 |      39 |       0 |   0.0
        D:2 |      27 |      31 |  53.4 |       9 |      11 |  55.0
        D:3 |      22 |       0 |   0.0 |       4 |       0 |   0.0
            +---------+---------+-------+---------+---------+-------
